 Dungeon Crawl Stone Soup version 0.17.0-27-g4a3f43e (webtiles) character file.

427 septik the Digger (level 6, 0/32 HPs)
             Began as a Gargoyle Earth Elementalist on Nov 21, 2015.
             Slain by Natasha (1 damage)
             ... on level 4 of the Dungeon.
             The game lasted 00:12:25 (3216 turns).

septik the Digger (Gargoyle Earth Elementalist)     Turns: 3216, Time: 00:12:25

Health: 0/32       AC:  9    Str: 12    XL:     6   Next: 97%
Magic:  3/11       EV: 12    Int: 17    God:
Gold:   192        SH:  0    Dex: 10    Spells: 3 memorised, 6 levels left

rFire  + . .     SeeInvis .     b - 32 stones
rCold  + . .     Clarity  .     e - +0 robe
rNeg   + . .     SustAt   .     (no shield)
rPois  ∞         Gourm    .     (no helmet)
rElec  +         Spirit   .     (no cloak)
rCorr  +         Warding  .     (no gloves)
rMut   .         Stasis   .     w - +2 pair of boots
MR     .....                    (no amulet)
Stlth  +.........               (no ring)
                                (no ring)

@: confused, resistant, not resistant to hostile enchantments, very unstealthy
A: negative energy resistance 1, electricity resistance, unbreathing,
petrification resistance, rot immunity, AC +4
a: no special abilities


You were on level 4 of the Dungeon.
You were hungry.

You visited 1 branch of the dungeon, and saw 4 of its levels.

You collected 192 gold pieces.

Inventory:

Hand Weapons
 a - a +0 short sword
Missiles
 b - 32 stones (in hand)
Armour
 e - a +0 robe (worn)
 q - a +2 shield
 w - a +2 pair of boots (worn)
Jewellery
 t - a cursed amulet of inaccuracy {unknown}
 v - an uncursed ring of sustain attributes {unknown}
Scrolls
 g - a scroll of immolation {unknown}
 h - 3 scrolls of teleportation {unknown}
 i - a scroll of identify
 k - 2 scrolls of amnesia
 p - a scroll of noise {unknown}
 r - a scroll of enchant armour {unknown}
 s - a scroll of recharging {unknown}
Potions
 f - a potion of curing {unknown}
 l - a potion of magic {unknown}
 o - a potion of resistance
 u - 2 potions of heal wounds {unknown}
Books
 c - a book of Geomancy

   Spells                             Type                      Level
   a - Sandblast                      Earth                        1
   b - Stoneskin                      Transmutation/Earth          2
   c - Passwall                       Transmutation/Earth          3
   d - Stone Arrow                    Conjuration/Earth            3
   e - Petrify                        Transmutation/Earth          4
   f - Lee's Rapid Deconstruction     Earth                        5
 m - a book of Clouds

   Spells                             Type                      Level
   a - Mephitic Cloud                 Conjuration/Poison/Air       3
   b - Conjure Flame                  Conjuration/Fire             3
   c - Poisonous Cloud                Conjuration/Poison/Air       6
   d - Freezing Cloud                 Conjuration/Ice/Air          6
   e - Ring of Flames                 Charms/Fire                  7
 n - a Grand Grimoire

   Spells                             Type                      Level
   a - Monstrous Menagerie            Summoning                    6
   b - Summon Greater Demon           Summoning                    7
   c - Malign Gateway                 Summoning/Translocation      7
   d - Summon Horrible Things         Summoning                    8
Comestibles
 d - 2 bread rations
 j - 2 beef jerkies


   Skills:
 - Level 1.5 Dodging
 - Level 2.1 Stealth
 + Level 3.8 Spellcasting
 * Level 4.9 Conjurations
 - Level 0.7 Transmutations
 + Level 5.5 Earth Magic


You had 6 spell levels left.
You knew the following spells:

 Your Spells              Type           Power        Failure   Level  Hunger
a - Sandblast             Erth           ###...       1%          1    None
b - Stoneskin             Trmt/Erth      ##......     10%         2    ##.....
c - Stone Arrow           Conj/Erth      ###...       8%          3    ###....


Dungeon Overview and Level Annotations

Branches:
Dungeon (4/15)
 Temple: D:4-7

Altars:
Okawaru

Annotations:
D:4 Natasha


Innate Abilities, Weirdness & Mutations

You are resistant to torment.
Your stone body is resilient (AC +4).
You are immune to poison.
You resist negative energy.
You are resistant to electric shocks.
You can survive without breathing.
You are immune to petrification.
You are immune to rotting.


Message History

Natasha barely misses you.
Casting: Sandblast
Confirm with . or Enter, or press ? or * to list all spells.
Aiming: Sandblast
Press: ? - help, Shift-Dir - straight line, f - Natasha
Aim: Natasha The rocky blast hits Natasha.
Natasha is heavily wounded.
A puff of flame appears from out of thin air!
The puff of flame hits you!
* * * LOW HITPOINT WARNING * * *
Natasha claws you.
* * * LOW HITPOINT WARNING * * *
Drink which item? (? for menu, Esc to quit)
It was a potion of resistance.
You feel protected.
You hear some strange, mumbled words.
You are confused.
Natasha claws you.
You die...

#.# #......... #.#
#...#........ #h#
#...#.#.##..# #5#
#...#.#.##..# #.#
#...........## #o#
#.#.#.#.##.... #.#
#.#.#.#.##..#
#.#########.#.#.#.##..##
#.....h@§.{.............
#############.#.#.......
#.#.####..## ##### ####


You could see Natasha.

Vanquished Creatures
  The ghost of septik the Sneak, an amateur SpEn (D:4)
  A scorpion (D:4)
  An orc priest (D:4)
  A hound (D:2)
  2 worker ants (D:4)
  10 adders
  3 worms
  2 giant geckos
  5 orcs
  A giant cockroach (D:1)
  9 hobgoblins
  3 jackals (D:3)
  7 bats
  4 giant newts
  10 goblins
  13 kobolds
  7 rats
80 creatures vanquished.

Notes
Turn   | Place    | Note
--------------------------------------------------------------
     0 | D:1      | septik the Gargoyle Earth Elementalist began the quest for the Orb.
     0 | D:1      | Reached XP level 1. HP: 10/10 MP: 3/3
    96 | D:1      | Reached XP level 2. HP: 15/15 MP: 0/5
   383 | D:1      | Reached skill level 4 in Earth Magic
   718 | D:1      | Reached XP level 3. HP: 19/19 MP: 0/6
   823 | D:1      | Learned a level 2 spell: Stoneskin
   827 | D:1      | Learned a level 3 spell: Stone Arrow
   899 | D:2      | Found an iron altar of Okawaru.
   937 | D:2      | Reached skill level 1 in Conjurations
   961 | D:2      | Reached XP level 4. HP: 15/24 MP: 4/8
  1832 | D:3      | Reached XP level 5. HP: 26/28 MP: 2/9
  2496 | D:4      | Noticed septik's ghost (amateur SpEn)
  2516 | D:4      | Killed septik's ghost
  2516 | D:4      | Reached skill level 5 in Earth Magic
  2516 | D:4      | Reached XP level 6. HP: 27/32 MP: 1/11
  3169 | D:4      | Noticed Natasha
  3215 | D:4      | HP: 1/32 [Natasha (1)]
  3216 | D:4      | Slain by Natasha

Action                   |  1- 3 |  4- 6 || total
-------------------------+-------+-------++-------
Melee: Short sword       |    11 |   106 ||   117
       Dagger            |     1 |       ||     1
 Cast: Sandblast         |    51 |   129 ||   180
  Use: Scroll            |     3 |       ||     3
       Potion            |       |     1 ||     1
 Stab: Sleeping          |       |     1 ||     1
  Eat: Chunk             |     1 |     6 ||     7
